AoeStats
← HIX | Leo Mattioli

Hideout

503275580Analyzed
4v4 RM · 1mo ago on Aug 30, 2026· 77m 14s· 8 players
Game mode
Random Map
Map size
Large (8 player)
Population
200
Speed
Normal
Resources
Standard
Victory
Conquest
Starting age
Dark Age
Ending age
Imperial Age
RankedLock teamsTeams togetherTeam positionsShared explorationLock speedFull tech treeHidden civsTurbo modeCheats
Victory
Defeat
🇦🇷 Britons · Argentina
1584
+12
🇦🇷 Cumans · Argentina
1523
+15
🇦🇷 Malay · Argentina
1447
+18
🇦🇷 Mapuche · Argentina
1379
+21
🇨🇴 Saracens · Colombia
1594
-21
🇦🇷 Britons · Argentina
1488
-16
🇹🇼 Jurchens · Taiwan
1461
-15
🇦🇷 Ethiopians · Argentina
1444
-14
騷護士
9:04 Feudal Age
7:21 Loom
10:21 Double-Bit Axe
11:13 Wheelbarrow
16:01 Horse Collar
20:58 Castle Age
19:01 Gold Mining
19:23 Scale Barding Armor
20:16 Bloodlines
22:14 Heavy Plow
23:02 Gold Shaft Mining
22:49 Husbandry
23:17 Bow Saw
27:16 Chain Barding Armor
38:18 Imperial Age
35:39 Treadmill Crane
36:27 Forging
38:28 Elite Steppe Lancer
39:45 Plate Barding Armor
40:33 Caravan
41:37 Crop Rotation
41:11 Light Cavalry
44:33 Two-Man Saw
44:56 Conscription
45:11 Hoardings
44:49 Fortified Bastions
45:24 Fortified Wall
45:17 Hussar
51:13 Fletching
51:47 Elite Iron Pagoda
54:17 Iron Casting
59:19 Blast Furnace
58:15 Bodkin Arrow
63:28 Stone Mining
71:11 Murder Holes
71:37 Ballistics
72:18 Chemistry
73:59 Masonry
76:04 Architecture
HIX | COLPO DI CANNONE
8:33 Feudal Age
9:19 Double-Bit Axe
9:18 Horse Collar
19:21 Castle Age
17:23 Gold Mining
18:08 Bloodlines
18:35 Scale Barding Armor
20:27 Wheelbarrow
20:37 Bow Saw
22:19 Chain Barding Armor
27:56 Loom
28:57 Husbandry
30:28 Gold Shaft Mining
31:24 Town Watch
33:13 Heavy Plow
34:37 Hand Cart
34:42 Forging
37:09 Imperial Age
34:55 Light Cavalry
36:13 Town Patrol
36:44 Stone Mining
38:38 Plate Barding Armor
38:35 Heavy Camel Rider
42:29 Caravan
44:19 Two-Man Saw
43:50 Hussar
46:25 Chemistry
45:30 Siege Engineers
45:35 Masonry
45:36 Siege Engineers
45:53 Fletching
46:38 Iron Casting
49:15 Elite Mameluke
50:16 Conscription
52:09 Hoardings
52:17 Fletching
56:08 Bodkin Arrow
58:48 Thumb Ring
58:43 Elite Skirmisher
63:02 Crossbowman
65:20 Bracer
65:20 Padded Archer Armor
65:32 Masonry
65:44 Ballistics
65:36 Masonry
68:33 Leather Archer Armor
70:42 Ring Archer Armor
| ArCas | El BrancaS
8:59 Feudal Age
14:50 Fletching
15:46 Double-Bit Axe
18:23 Loom
21:28 Castle Age
20:17 Padded Archer Armor
20:20 Gold Mining
22:06 Bodkin Arrow
21:40 Crossbowman
24:30 Leather Archer Armor
25:48 Bow Saw
27:06 Ballistics
29:24 Town Watch
30:03 Horse Collar
32:43 Wheelbarrow
38:24 Imperial Age
39:09 Bracer
40:13 Chemistry
39:25 Elite Longbowman
41:37 Ring Archer Armor
42:54 Yeomen
45:27 Conscription
46:06 Gold Shaft Mining
45:56 Caravan
48:07 Scale Mail Armor
48:17 Forging
49:09 Two-Man Saw
48:05 Pikeman
48:45 Squires
50:23 Chain Mail Armor
50:44 Iron Casting
50:04 Halberdier
52:42 Guilds
53:34 Plate Mail Armor
54:04 Blast Furnace
55:05 Elite Skirmisher
68:49 Stone Mining
74:07 Warwolf
HIX | Leo Mattioli
6:38 Loom
9:06 Feudal Age
9:38 Double-Bit Axe
13:39 Fletching
14:27 Padded Archer Armor
20:48 Castle Age
20:53 Crossbowman
21:32 Bodkin Arrow
28:22 Imperial Age
26:51 Bow Saw
26:10 Man-at-Arms
28:28 Arbalester
29:55 Bracer
39:40 Chemistry
39:41 Ballistics
48:39 Leather Archer Armor
50:27 Leather Archer Armor
50:35 Thumb Ring
57:06 Horse Collar
59:33 Elite Skirmisher
65:19 Leather Archer Armor
65:38 Scale Mail Armor
65:49 Forging
65:58 Squires
68:45 Iron Casting
Dino_Mate
8:37 Feudal Age
9:17 Double-Bit Axe
14:35 Wheelbarrow
13:49 Horse Collar
20:12 Castle Age
19:12 Scale Barding Armor
19:24 Bloodlines
20:28 Forging
21:14 Chain Barding Armor
22:26 Loom
22:57 Hand Cart
23:27 Forging
24:13 Gold Mining
25:48 Iron Casting
37:19 Imperial Age
36:53 Gold Shaft Mining
38:36 Plate Barding Armor
37:30 Cavalier
39:24 Heavy Plow
42:37 Stone Mining
42:25 Paladin
46:15 Coinage
47:02 Blast Furnace
45:24 Light Cavalry
48:51 Caravan
50:10 Hussar
56:45 Banking
75:25 Capped Ram
76:30 Siege Ram
[VA] Tano_Pacman
8:26 Feudal Age
8:02 Double-Bit Axe
8:23 Horse Collar
13:46 Wheelbarrow
16:46 Castle Age
18:16 Husbandry
18:55 Scale Barding Armor
22:01 Forging
30:49 Bow Saw
30:25 Loom
31:28 Town Watch
32:43 Heavy Plow
32:46 Gold Mining
32:47 Stone Mining
33:44 Hand Cart
38:24 Imperial Age
38:33 Iron Casting
37:34 Elite Battle Elephant
40:11 Conscription
40:17 Masonry
41:21 Blast Furnace
42:45 Ballistics
41:53 Man-at-Arms
42:24 Long Swordsman
43:18 Forced Levy
43:17 Two-Handed Swordsman
44:00 Arson
44:16 Squires
47:55 Fletching
47:46 Treadmill Crane
48:10 Crossbowman
50:12 Chemistry
49:20 Thumb Ring
49:11 Arbalester
57:18 Bodkin Arrow
57:59 Bracer
59:57 Padded Archer Armor
59:34 Capped Ram
60:55 Caravan
62:10 Crop Rotation
62:28 Leather Archer Armor
61:34 Pikeman
63:07 Stone Shaft Mining
63:08 Gold Shaft Mining
63:06 Coinage
64:41 Ring Archer Armor
64:18 Siege Engineers
64:32 Block Printing
64:42 Illumination
65:26 Murder Holes
65:53 Bombard Tower
66:10 Banking
67:01 Murder Holes
67:20 Guilds
78:06 Sanctity
[VA] PabloB
7:06 Loom
9:36 Feudal Age
10:19 Double-Bit Axe
14:07 Fletching
14:37 Padded Archer Armor
20:49 Wheelbarrow
20:58 Gold Mining
20:51 Horse Collar
24:21 Castle Age
25:11 Bodkin Arrow
26:40 Bow Saw
28:08 Leather Archer Armor
32:30 Malon
32:28 Pikeman
33:39 Scale Mail Armor
35:53 Ballistics
41:07 Imperial Age
41:56 Elite Skirmisher
43:11 Ring Archer Armor
43:11 Hand Cart
44:32 Halberdier
46:14 Chain Mail Armor
47:12 Conscription
47:58 Forging
48:34 Plate Mail Armor
48:53 Elite Bolas Rider
51:18 Chemistry
50:30 Masonry
51:34 Heavy Plow
52:10 Gold Shaft Mining
53:01 Capped Ram
55:15 Iron Casting
55:18 Crop Rotation
56:43 Arson
58:57 Blast Furnace
64:04 Caravan
68:07 Champi Runner
72:00 Champi Warrior
73:55 Elite Champi Warrior
griego
5:08 Loom
11:51 Feudal Age
17:29 Castle Age
16:00 Double-Bit Axe
24:32 Horse Collar
26:24 Gold Mining
26:30 Fletching
26:34 Town Watch
27:52 Bodkin Arrow
28:32 Padded Archer Armor
32:11 Wheelbarrow
34:58 Imperial Age
34:04 Ballistics
34:47 Stone Mining
35:15 Leather Archer Armor
37:07 Chemistry
37:57 Gold Shaft Mining
38:40 Bracer
39:52 Ring Archer Armor
39:28 Heavy Plow
40:13 Conscription
41:32 Elite Longbowman
45:31 Bow Saw
47:54 Yeomen
48:17 Hand Cart
49:57 Two-Man Saw
50:08 Treadmill Crane
50:38 Masonry
50:34 Siege Engineers
50:26 Murder Holes
51:09 Hoardings
54:35 Scale Mail Armor
54:55 Pikeman
55:36 Squires
55:21 Gambesons
55:58 Chain Mail Armor
55:55 Forging
56:23 Capped Ram
57:58 Plate Mail Armor
58:05 Iron Casting
58:22 Elite Skirmisher
58:50 Halberdier
61:17 Blast Furnace
71:41 Arson
Connection lost

Rejoining the realm…

Still unreachable

The connection could not be restored.

Session expired

The server has moved on; the page needs a fresh start.